 Dungeon Crawl Stone Soup version 0.30.1-4-g462c640d31 (webtiles) character file.

Game seed: 8700640043704902752

76 Kranky the Stinger (level 4, -1/35 HPs)
             Began as a Formicid Wanderer on Sept 8, 2023.
             Slain by an orc
             ... wielding a +0 falchion
              (5 damage)
             ... on level 3 of the Dungeon.
             The game lasted 00:03:02 (1848 turns).

Kranky the Stinger (Formicid Wanderer)              Turns: 1848, Time: 00:03:03

Health: -1/35      AC:  4    Str: 19    XL:     4   Next: 57%
Magic:  5/5        EV: 12    Int: 12    God:
Gold:   60         SH:  0    Dex: 12    Spells: 4/5 levels left

rFire   . . .        a - +0 spear
rCold   . . .        (no shield)
rNeg    . . .        e - +0 leather armour
rPois   .            (helmet unavailable)
rElec   .            m - +0 cloak
rCorr   .            (no gloves)
SInv    +            (no boots)
Will    .....        (no amulet)
Stlth   +            (no ring)
HPRegen 0.25/turn    (no ring)
MPRegen 0.09/turn

%: no passive effects
@: no status effects
A: permanent stasis, dig shafts and tunnels, antennae 3, four strong arms
a: Dig, Shaft Self


You were on level 3 of the Dungeon.
You visited 1 branch of the dungeon, and saw 4 of its levels.

You collected 60 gold pieces.

Inventory:

Hand Weapons
 a - a +0 spear (weapon)
 c - a +0 dagger
Missiles
 b - 7 boomerangs (quivered)
Armour
 e - a +0 leather armour (worn)
 m - a +0 cloak (worn)
Scrolls
 d - a scroll of fear
 f - 3 scrolls of identify {unknown}
 g - a scroll of enchant armour {unknown}
 i - a scroll of silence {unknown}
 k - a scroll of immolation {unknown}
 n - a scroll of noise {unknown}
 o - a scroll of fog {unknown}
Potions
 h - a potion of curing {unknown}
 j - 2 potions of heal wounds {unknown}
 l - a potion of invisibility {unknown}
 p - a potion of degeneration {unknown}


   Skills:
 + Level 3.0 Fighting
 + Level 2.8 Polearms
 - Level 1.0 Throwing
 + Level 1.9 Armour
 + Level 1.9 Dodging
 - Level 1.1 Spellcasting
 - Level 4.0 Poison Magic


You had 4 spell levels left.
You knew the following spells:

 Your Spells              Type           Power      Damage    Failure   Level
a - Sting                 Tmut/Pois      20%        1d4       16%         1

Your spell library contained the following spells:

 Spells                   Type           Power      Damage    Failure   Level
 Poisonous Vapours        Pois/Air       10%        N/A       24%         2
 Ignite Poison            Fire/Tmut/Pois 3%         N/A       52%         3
 Gell's Gravitas          Tloc           0%         N/A       71%         3
 Teleport Other           Tloc           0%         N/A       71%         3
 Dispersal                Tloc           0%         N/A       100%        6


Dungeon Overview and Level Annotations

Branches:
Dungeon (4/15)
 Temple: D:4-7

Altars:


Innate Abilities, Weirdness & Mutations

You cannot be hasted, slowed, berserked, paralysed or teleported.
You can dig through walls and to a lower floor.
You have a pair of large antennae on your head. (SInv)
Your four strong arms can wield two-handed weapons with a shield.


Message History

There are monsters nearby!
The orc wizard gestures wildly while chanting.
The orc wizard flickers and vanishes for a moment.
There are monsters nearby!
You reach to attack!
You hit the orc wizard but do no damage.
There are monsters nearby!
You completely miss the orc wizard. The orc hits you with a +0 falchion.
The orc wizard casts a spell at you. The puff of flame hits you!
There are monsters nearby!
You hit the orc wizard.
The orc wizard is moderately wounded.
The orc wizard gestures at you while chanting.
The magic dart hits you. The orc hits you with a +0 falchion.
There are monsters nearby!
You are too injured to fight recklessly!
There are monsters nearby!
You are too injured to fight recklessly!
There are monsters nearby!
You are too injured to fight recklessly!
You are too injured to fight recklessly!
You hit the orc wizard but do no damage.
The orc wizard is moderately wounded.
The orc wizard closely misses you. The orc hits you with a +0 falchion.
* * * LOW HITPOINT WARNING * * *
You barely miss the orc wizard.
The orc wizard is moderately wounded.
The orc wizard misses you. The orc closely misses you.
You closely miss the orc wizard.
The orc wizard is moderately wounded.
The orc wizard hits you with a +0 dagger.
* * * LOW HITPOINT WARNING * * *
The orc barely misses you.
You barely miss the orc wizard.
The orc wizard is moderately wounded.
The orc wizard barely misses you. The orc hits you with a +0 falchion.
* * * LOW HITPOINT WARNING * * *
The orc attacks as you move away! The orc hits you with a +0 falchion.
You die...

###...........# .....
{#...###.....# ##...
#### #....## ..... {
###.....# .....
#.......# .....
#.......# .....
#######.......# .....
###...o.<..........###..
......o@...........###..
......##.....#..........
..... #.....#........#.
.... ...............#.
... .........### ## #.
.. .........# #. .
.........# ... ##.....
.... ....


You could see an orc wizard (invisible) and an orc.

Vanquished Creatures
  Robin (D:3)
  An adder (D:4)
  2 dart slugs (D:1)
  2 orcs (D:3)
  6 ball pythons
  3 bats (D:1)
  An endoplasm (D:3)
  15 goblins
  7 hobgoblins
  2 kobolds (D:1)
  2 frilled lizards
  3 rats
45 creatures vanquished.

Notes
Turn   | Place    | Note
-------+----------+-------------------------------------------
     0 | D:1      | Kranky the Formicid Wanderer began the quest for the Orb.
     0 | D:1      | Kranky set off with the following items: a +0 spear, 7
                  | boomerangs, a +0 dagger, a scroll of fear, a +0 leather
                  | armour; and the following spell memorised: Sting; and the
                  | following spells available to memorise: Poisonous Vapours,
                  | Ignite Poison.
     0 | D:1      | Reached XP level 1. HP: 16/16 MP: 2/2
   153 | D:1      | Reached XP level 2. HP: 22/23 MP: 3/3
   377 | D:1      | Reached skill level 1 in Armour
   647 | D:1      | Reached XP level 3. HP: 20/28 MP: 4/4
  1143 | D:2      | You fall into a shaft and drop 1 floor!
  1151 | D:3      | Noticed Robin
  1436 | D:4      | Reached XP level 4. HP: 31/34 MP: 5/5
  1449 | D:3      | Killed Robin
  1848 | D:3      | Slain by an orc

Illustrated notes

Levels and vault maps discovered:
D:1:      dpeg_arrival_rooms_c, layout_loops_ring, serial_bayou,
          serial_bayou_pond_d, serial_bayou_lake_a, serial_bayou_shore_a,
          serial_bayou_lagoon_a, serial_bayou_pond_a, minmay_misc_feat_hallway
D:2:      layout_basic, basic_altar, uniq_natasha
D:3:      layout_basic, makhleb_altar_promises_db, general_overflow_altar,
          serial_glass, glass_columns_a, glass_columns_a, glass_columns_a,
          glass_columns_b, uniq_robin
D:4:      layout_basic, kennysheep_mini

Skill      XL: |  1  2  3  4 |
---------------+-------------+-----
Armour         | 1 |  1.9
Fighting       | 3 |  3.0
Polearms       | |  2.8
Throwing       | |  1.0
Dodging        | |  1.9
Spellcasting   | |  1.1
Poison Magic   | |  4.0

Action                     |  1- 3 |  4- 6 || total
---------------------------+-------+-------++-------
  Melee: Spear             |   139 |    59 ||   198
         Punch             |       |     2 ||     2
 Armour: Leather armour    |    44 |    14 ||    58
  Dodge: Dodged            |    72 |    25 ||    97
